 Dungeon Crawl Stone Soup version 0.31-a0-1074-g0b22e4e0f1 (webtiles) character file.

Game seed: 221677059749868672

4015 nucleargodhead the Unseen (level 10, 0/46 (51) HPs)
             Began as a Spriggan Hunter on Nov 26, 2023.
             Was a Follower of Okawaru.
             Slain by Psyche
             ... wielding a +4 dagger of chaos
              (5 damage)
             ... on level 8 of the Dungeon.
             The game lasted 00:20:56 (8041 turns).

nucleargodhead the Unseen (Spriggan Hunter)         Turns: 8041, Time: 00:20:58

HP:   0/46 (51)     AC:  0    Str:  7    XL:     10   Next: 3%
MP:   11/11         EV: 16    Int: 11    God:    Okawaru [*.....]
Gold: 277           SH:  0    Dex: 23    Spells: 9/9 levels left

rFire   + . .        a - melded +0 shortbow
rCold   + . .        (shield currently unavailable)
rNeg    . . .        c - melded +0 robe
rPois   +            (helmet currently unavailable)
rElec   +            q - melded +0 cloak
rCorr   +            (gloves unavailable)
SInv    +            (boots unavailable)
Will    +....        w - amulet of regeneration
Stlth   ++++++++     j - melded +4 ring of protection
HPRegen 1.07/turn    u - melded ring of protection from cold
MPRegen 0.12/turn

%: no passive effects
@: lethally poisoned (0 -> -1), pig-form, resistant, drained, very quick
A: fast, no casting, small, no large weapons, unfitting armour, see invisible,
(speed 3)
a: Renounce Religion, Heroism


You were on level 8 of the Dungeon.
You worshipped Okawaru.
Okawaru was aware of your devotion.
You were a filthy swine.
You visited 2 branches of the dungeon, and saw 9 of its levels.

You collected 389 gold pieces.
You spent 112 gold pieces at shops.

Inventory:

Hand Weapons
 a - a +0 shortbow (melded)
 p - a +4 quarterstaff of chaos
 s - a +0 sling
 v - a +0 orcbow
 C - a +4 short sword
Armour
 c - a +0 robe (melded)
 q - a +0 cloak (melded)
Jewellery
 j - a +4 ring of protection (melded)
 u - a ring of protection from cold (melded)
 w - an amulet of regeneration (around neck)
 y - a ring of flight
 D - a ring of poison resistance
Scrolls
 b - a scroll of butterflies
 d - a scroll of enchant armour {unknown}
 e - a scroll of revelation {unknown}
 f - 8 scrolls of identify {unknown}
 g - 7 scrolls of teleportation {unknown}
 h - 2 scrolls of brand weapon {unknown}
 i - 3 scrolls of fog {unknown}
 m - 3 scrolls of immolation {unknown}
 o - a scroll of enchant weapon {unknown}
 z - a scroll of acquirement {unknown}
 A - a scroll of poison {unknown}
Potions
 k - a potion of cancellation {unknown}
 l - 3 potions of curing
 n - 5 potions of haste {unknown}
 r - 2 potions of heal wounds
 t - 2 potions of ambrosia {unknown}
 x - 3 potions of brilliance {unknown}
 B - a potion of magic {unknown}


   Skills:
 - Level 4.9 Fighting
 - Level 5.6 Ranged Weapons
 - Level 2.6 Dodging
 + Level 19.0 Stealth


You had 9 spell levels left.
You didn't know any spells.
Your spell library contained the following spells:

 Spells                   Type           Power      Damage    Failure   Level
 Apportation              Tloc           0%         N/A       34%         1
 Jinxbite                 Hex            0%         N/A       47%         2
 Alistair's Intoxication  Tmut/Pois      0%         N/A       100%        5


Dungeon Overview and Level Annotations

Branches:
Dungeon (8/15)             Temple (1/1) D:6
   Lair: D:8-11

Altars:
Cheibriados
Dithmenos
Elyvilon
Fedhas
Gozag
Hepliaklqana
Kikubaaqudgha
Nemelex Xobeh
Okawaru
Qazlal
Ru
Sif Muna
Trog
Uskayaw
Vehumet
Wu Jian
Xom
Yredelemnul
Zin
The Shining One

Shops:
D:6 !   D:8 !

Annotations:
D:8 Psyche


Innate Abilities, Weirdness & Mutations

You are a filthy swine.
You move quickly.
Your equipment is almost entirely melded.
You are incapable of wielding weapons or throwing items.
You cannot cast spells.
You are very small and have problems with some larger weapons.
You are too small for most types of armour.
You have supernaturally acute eyesight. (SInv)
((You cover ground extremely quickly. (Speed+++)))


Message History

Your +4 ring of protection melds into your body.
Your ring of protection from cold melds into your body.
Psyche hits you with a +4 dagger of chaos!
You feel drained.
You hit Psyche.
Psyche is heavily wounded.
Psyche hits you with a +4 dagger of chaos.
Psyche draws strength from your wounds!
You hit Psyche but do no damage.
Psyche is heavily wounded.
Psyche closely misses you.
You closely miss Psyche.
Psyche is heavily wounded.
Psyche misses you.
Unknown command.
You hit Psyche.
Psyche is heavily wounded.
Psyche barely misses you.
You closely miss Psyche.
Psyche is heavily wounded.
Psyche hits you with a +4 dagger of chaos!
You are poisoned.
You hit Psyche.
Psyche is heavily wounded.
You feel very sick.
Psyche hits you with a +4 dagger of chaos!
Psyche freezes you.
Unknown command.
You closely miss Psyche.
Psyche is heavily wounded.
You feel sick.
Psyche looks encouraged for a moment.
You barely miss Psyche.
Psyche is heavily wounded.
You feel sick.
Psyche hits you with a +4 dagger of chaos!
* * * LOW HITPOINT WARNING * * *
You feel protected.
Psyche hits you with a +4 dagger of chaos.
You die...

#..)................
#<. #...............
#..##.##............
........#######...#
#.......# #...# ###
#.##.##.# #...#
....##.......# #...#
.......##.#### #...#
......@h.># #...#
....#..####
#####.... . .....
##...##.#. #.##.#
##..#..#.#. .. ..
####..###..... # ###
##.##.(.#...##.
##<..#.#......#.
#..........#..#.
##...#.#)#.#..##


You could see Psyche.

Vanquished Creatures
  A hornet (D:8)
  Prince Ribbit (D:7)
  Menkaure (D:6)
  2 steam dragons
  2 water moccasins
  An orc warrior (D:6)
  3 black bears
  2 ogres (D:6)
  2 ice beasts
  A centaur (D:5)
  4 phantoms
  3 kobold brigands
  2 gnoll sergeants
  3 scorpions
  8 wights
  2 killer bees
  A howler monkey (D:5)
  7 hounds
  2 jellies (D:6)
  Crazy Yiuf (D:2)
  6 orc priests
  An iguana (D:6)
  A sleepcap (D:5)
  2 orc wizards
  12 adders
  9 gnolls
  A shadow imp (D:5)
  2 dart slugs
  3 worms
  27 orcs
  6 ball pythons
  8 endoplasms
  4 giant cockroaches
  3 goblins
  5 hobgoblins
  20 kobolds
  3 quokkas
  6 bats
  6 frilled lizards
  2 rats
176 creatures vanquished.

Notes
Turn   | Place    | Note
-------+----------+-------------------------------------------
     0 | D:1      | nucleargodhead the Spriggan Hunter began the quest for the
                  | Orb.
     0 | D:1      | Reached XP level 1. HP: 10/10 MP: 2/2
   394 | D:1      | Reached XP level 2. HP: 15/15 MP: 3/3
   701 | D:2      | Reached XP level 3. HP: 14/19 MP: 4/4
  1113 | D:2      | Found a runed translucent door.
  1114 | D:2      | Noticed Crazy Yiuf
  1293 | D:2      | Reached XP level 4. HP: 24/24 MP: 5/5
  1439 | D:2      | Killed Crazy Yiuf
  1750 | D:3      | Found a blossoming altar of Fedhas.
  2018 | D:3      | Reached XP level 5. HP: 28/28 MP: 6/6
  2234 | D:3      | Reached skill level 5 in Ranged Weapons
  2425 | D:4      | Noticed a black bear
  2480 | D:4      | Killed a black bear
  2481 | D:4      | Reached XP level 6. HP: 22/34 MP: 7/7
  2717 | D:4      | Reached skill level 2 in Stealth
  2728 | D:4      | Reached skill level 3 in Stealth
  2921 | D:4      | Reached skill level 4 in Stealth
  2921 | D:4      | Reached XP level 7. HP: 24/38 MP: 8/8
  3346 | D:5      | Entered Level 5 of the Dungeon
  3368 | D:5      | Reached skill level 5 in Stealth
  3474 | D:5      | Reached skill level 6 in Stealth
  3531 | D:5      | Reached skill level 7 in Stealth
  3706 | D:5      | Reached skill level 8 in Stealth
  3938 | D:5      | Reached skill level 9 in Stealth
  3973 | D:5      | Reached XP level 8. HP: 36/42 MP: 9/9
  4119 | D:5      | Reached skill level 10 in Stealth
  4251 | D:5      | Reached skill level 11 in Stealth
  4788 | D:6      | Found Astruss's Distillery.
  4809 | D:6      | Bought a potion of curing for 42 gold pieces
  4809 | D:6      | Bought a potion of heal wounds for 70 gold pieces
  4868 | D:6      | Reached skill level 12 in Stealth
  4917 | D:6      | Found a staircase to the Ecumenical Temple.
  4945 | D:6      | Reached skill level 13 in Stealth
  5193 | D:6      | Noticed Menkaure
  5297 | D:6      | Reached skill level 14 in Stealth
  5468 | D:6      | Reached XP level 9. HP: 46/46 MP: 10/10
  5603 | D:6      | Killed Menkaure
  5652 | D:6      | Reached skill level 15 in Stealth
  6217 | D:7      | Reached skill level 16 in Stealth
  6361 | Temple   | Entered the Ecumenical Temple
  6380 | Temple   | Became a worshipper of Warmaster Okawaru
  6643 | D:7      | Reached skill level 17 in Stealth
  6755 | D:7      | Noticed Prince Ribbit
  6826 | D:7      | Killed Prince Ribbit
  6826 | D:7      | Reached * piety under Okawaru
  7146 | D:8      | Reached skill level 18 in Stealth
  7515 | D:8      | Noticed Psyche
  7743 | D:8      | Found Fiamnept's Distillery.
  7858 | D:8      | Paralysed by a hornet for 1 turns
  7923 | D:8      | Reached skill level 19 in Stealth
  7923 | D:8      | Reached XP level 10. HP: 23/48 MP: 9/11
  8041 | D:8      | Slain by Psyche

Illustrated notes

Levels and vault maps discovered:
D:1:      ldierk_walled_garden, layout_basic, fountainhead,
          chequers_serial_rivers_large_a
D:2:      minmay_general_purpose_star, layout_basic,
          dreamdust_mushroom_princess, uniq_crazy_yiuf_cottage
D:3:      layout_loops_cross, fedhas_ov_isle_minmay, kennysheep_generic_room_13
D:4:      layout_cave_pods
D:5:      layout_basic, minmay_puff
D:6:      layout_basic, minmay_temple_entry_waves, serial_shops,
          nicolae_diamond_shop, uniq_menkaure
D:7:      layout_basic, uniq_prince_ribbit1
D:8:      layout_loops_cross, serial_shops, nicolae_shop_industrial_runoff,
          uniq_psyche
Temple:   compressed_dpeg_triangle_lava_temple

Skill      XL: |  1  2  3  4  5  6  7  8  9 |
---------------+----------------------------+-----
Fighting       | 2 3 4 |  4.9
Ranged Weapons | 5 |  5.6
Stealth        | 4 9 14 19 | 19.0
Dodging        | |  2.6

Action                     |  1- 3 |  4- 6 |  7- 9 | 10-12 || total
---------------------------+-------+-------+-------+-------++-------
  Melee: Unarmed           |       |       |    10 |     8 ||    18
   Fire: Shortbow          |    75 |   174 |   731 |     4 ||   984
 Invoke: Heroism           |       |       |     1 |       ||     1
    Use: Potion            |       |       |     1 |       ||     1
 Armour: Robe              |     7 |    51 |   201 |       ||   259
         Skin              |       |       |     8 |     6 ||    14
  Dodge: Dodged            |    56 |    85 |   376 |     3 ||   520

Table legend: (Time is in decaauts)
 A = Elapsed time spent in this place.
 B = Non-inter-level travel time spent in this place.
 C = Inter-level travel time spent in this place.
 D = Time resting spent in this place.
 E = Time spent auto-exploring this place.
 F = Levels seen in this place.
 G = Mean time per level.
                   A        B        C        D        E       F      G
               +--------+--------+--------+--------+--------+-----+--------+
         Total |   5926 |   5778 |    148 |   1092 |   2693 |   9 |  658.4 |
       Dungeon |   5902 |   5765 |    137 |   1092 |   2693 |   8 |  737.8 |
        Temple |     24 |     14 |     10 |      0 |      0 |   1 |   24.0 |
               +--------+--------+--------+--------+--------+-----+--------+

Top non-repeatable levels by time:
     D:5: 1130 daAuts
     D:6: 994 daAuts
     D:8: 763 daAuts
     D:2: 746 daAuts
     D:7: 679 daAuts
     D:4: 663 daAuts
     D:3: 576 daAuts
     D:1: 347 daAuts
  Temple: 24 daAuts
